 Dungeon Crawl Stone Soup version 0.31.0-32-g396128a36d (webtiles) character file.

Game seed: 599625313413336024

191984 AlexRAT the Severer (level 18, -4/155 HPs)
             Began as a Minotaur Berserker on Mar 25, 2024.
             Was a High Priest of Trog.
             Slain by a +4 antimagic double sword (10 damage)
             ... on level 2 of the Elven Halls on Mar 26, 2024.
             The game lasted 01:27:55 (26102 turns).

AlexRAT the Severer (Minotaur Berserker)           Turns: 26102, Time: 01:27:56

Health: -4/155     AC: 26    Str: 28    XL:     18   Next: 2%
Magic:  0/5        EV: 17    Int:  4    God:    Trog [*****.]
Gold:   2343       SH:  5    Dex: 14    Spells: 17/17 levels left

rFire   . . .        a - +12 executioner's axe "Fyqoi" {antimagic, rPois Dex+2}
rCold   + + .        (shield currently unavailable)
rNeg    . . .        f - +2 scale mail {rC+}
rPois   +            X - +0 hat
rElec   .            Q - +2 cloak {Stlth+}
rCorr   .            L - +2 pair of gloves
SInv    .            z - +2 pair of boots {Stlth+}
Will    ++++.        E - amulet of reflection
Stlth   ++           c - ring of protection from cold
HPRegen 1.45/turn    g - ring of willpower
MPRegen 0.09/turn

%: reflection
@: strong-willed, on berserk cooldown, regenerating, slowed, very slow
A: horns 2, retaliatory headbutt, iridescent scales 1, frail 1
a: Renounce Religion, Berserk, Trog's Hand, Brothers in Arms


You were on level 2 of the Elven Halls.
You worshipped Trog.
Trog was extremely pleased with you.
You visited 5 branches of the dungeon, and saw 24 of its levels.
You also visited: Ice Cave and Volcano.

You collected 2815 gold pieces.
You spent 472 gold pieces at shops.

Inventory:

Hand Weapons
 a - the +12 executioner's axe "Fyqoi" (weapon) {antimagic, rPois Dex+2}
   (Trog gifted it to you on level 2 of the Orcish Mines)

   Dex+2:     It affects your dexterity (+2).
   rPois:     It protects you from poison
 b - the +11 arbalest of Eturum {penet, Fly Dex+3 Stlth+}
   (You found it on level 5 of the Lair of Beasts)

   Dex+3:     It affects your dexterity (+3).
   Fly:       It grants you flight.
   Stlth+:    It makes you more stealthy.
 m - the +8 executioner's axe "Unip" {flame, rF+}
   (Trog gifted it to you in an ice cave)

   rF+:       It protects you from fire.
Missiles
 i - 5 throwing nets
 M - 9 javelins (quivered)
Armour
 f - a +2 scale mail of cold resistance (worn)
 z - a +2 pair of boots of stealth (worn)
 L - a +2 pair of gloves (worn)
 Q - a +2 cloak of stealth (worn)
 X - a +0 hat (worn)
Jewellery
 c - a ring of protection from cold (left hand)
 g - a ring of willpower (right hand)
 p - a ring of see invisible
 D - a ring of flight
 E - an amulet of reflection (around neck)
 P - the amulet "Ehuum" {RegenMP ^Fragile Will+ Regen+}
   (You found it in an ice cave)

   [amulet of magic regeneration]

   RegenMP:   It increases your rate of magic regeneration.
   Will+:     It increases your willpower.
   Regen+:    It increases your rate of health regeneration.
   ^Fragile:  It will be destroyed if unequipped.
Wands
 l - a wand of acid (17)
 H - a wand of flame (11)
 K - a wand of iceblast (14)
 R - a wand of polymorph (3)
 S - a wand of digging (5)
Scrolls
 d - a scroll of silence
 h - 3 scrolls of enchant weapon
 n - 3 scrolls of immolation
 q - 2 scrolls of identify
 r - a scroll of revelation
 t - 2 scrolls of blinking
 u - 2 scrolls of enchant armour
 x - 6 scrolls of teleportation
 y - 2 scrolls of poison
 N - 2 scrolls of brand weapon
 O - 2 scrolls of butterflies
 U - 3 scrolls of fear
 W - a scroll of vulnerability
Potions
 e - 8 potions of heal wounds
 j - 7 potions of attraction
 k - 6 potions of curing
 o - 6 potions of might
 s - 3 potions of degeneration
 v - a potion of invisibility
 w - 4 potions of brilliance
 A - a potion of cancellation
 B - a potion of enlightenment
 C - a potion of berserk rage
 G - 2 potions of lignification
 I - 4 potions of ambrosia
 T - 3 potions of haste {unknown}
 Y - 4 potions of magic {unknown}
 Z - 2 potions of resistance {unknown}


   Skills:
 + Level 18.6 Fighting
 + Level 20.4 Axes
 * Level 11.2 Ranged Weapons
 + Level 18.4 Armour
 - Level 13.4 Dodging


You had 17 spell levels left.
You didn't know any spells.
Your spell library was empty.

Dungeon Overview and Level Annotations

Branches:
Dungeon (14/15)            Temple (0/1) D:4            Lair (5/5) D:8
  Swamp (1/4) Lair:3        Snake (0/4) Lair:2        Slime (0/5) Lair:5
    Orc (2/2) D:10            Elf (2/3) Orc:2        Vaults (0/5) D:13
  IceCv (visited)         Volcano (visited)

Altars:
Cheibriados
Makhleb
Nemelex Xobeh
Sif Muna
Trog
Vehumet
Wu Jian
Xom
Yredelemnul
Jiyva

Shops:
D:1 =   D:3 (   D:4 :?:   D:7 [   D:14 (   Orc:1 (   Orc:2 ?(?[   Elf:1 (
Elf:2 (

Annotations:
D:8 exclusion: death yak
Lair:2 2 exclusions
Orc:1 1 exclusion
Orc:2 2 exclusions


Innate Abilities, Weirdness & Mutations

You have a pair of horns on your head.
You reflexively headbutt those who attack you in melee.
You are partially covered in iridescent scales. (AC +2)
You are frail. (-10% HP)


Message History

The +4 antimagic double sword hits you but does no damage.
You see here a +4 scimitar of holy wrath.
The +2 short sword of speed misses you. The +2 short sword of speed hits you.
The +4 scimitar of electrocution hits you but does no damage.
The +4 antimagic double sword closely misses you.
You block the +2 short sword of speed's attack.
Okay, then.
Blink to where?
Press: ? - help, Dir - move target
As you read the scroll of blinking, it crumbles to dust.
You feel the effects of Trog's Hand fading.
The +2 short sword of speed hits you but does no damage. x3
Your skin crawls.
You feel strong-willed.
The +2 short sword of speed hits you but does no damage.
The +2 short sword of speed hits you.
The +2 short sword of speed hits you but does no damage.
The deep elf zephyrmancer gestures at you while chanting.
The bolt of lightning hits the +2 short sword of speed.
The +2 short sword of speed completely resists.
The bolt of lightning hits you!
The +2 short sword of speed hits you but does no damage.
You block the +2 short sword of speed's attack.
The +2 short sword of speed attacks as it pursues you!
The +2 short sword of speed hits you but does no damage.
The +2 short sword of speed closely misses you.
You furiously retaliate!
You headbutt the +2 short sword of speed!
The +4 antimagic double sword hits you!!
* * * LOW HITPOINT WARNING * * *
You feel your power leaking away.
The +2 short sword of speed hits you but does no damage.
The deep elf zephyrmancer casts a spell at you.
The bolt of lightning hits the +4 antimagic double sword.
The +4 antimagic double sword completely resists.
The bolt of lightning hits you!
* * * LOW HITPOINT WARNING * * *
The +2 short sword of speed hits you but does no damage.
The +4 antimagic double sword hits you!
You die...

##.....###...^...## #...........
#.......####......## #.####..#.##
..^......###.......###.####....##
....())..'.......................
[..))<...###.........#.###.....##
#..[.)..## ##.......##.###...#.#
##.....## ##.....###.........##
##.).## ##...## #####.......
##'###########@### #.######
#.#.<..)[.# #((.## #.#
####.#.#####.# #(#..# #.#
#......# ###[###....# #.#
#......###.[[.......########
#........∩.#)###....)..⌠..##
.............# ####))......##
#.....######## #..e......##
####.## #...)......##


You could see a deep elf zephyrmancer and 3 dancing weapons.

Vanquished Creatures
  Jorgrun (Orc:2)
  Asterion (Elf:1)
  A frost giant (IceCv)
  A deep elf elementalist (Elf:1)
  A stone giant (Volcano)
  A deep elf death mage (Elf:1)
  A deep elf demonologist (Elf:1)
  Azrael (Elf:1)
  2 bunyips
  2 fire dragons (D:14)
  4 vault guards (D:13)
  7 hydras
  A catoblepas (Lair:5)
  Erica (Orc:1)
  Harold (Orc:1)
  A ghost crab (Swamp:1)
  An alligator (Swamp:1)
  5 centaur warriors
  A boulder beetle (Lair:5)
  2 two-headed ogres (D:11)
  12 dancing weapons (Elf:2)
  A deep troll shaman (Lair:5)
  4 tengu warriors (D:14)
  20 death yaks
  2 orc high priests (Orc:2)
  Nergalle (Lair:2)
  Urug (D:10)
  13 deep elf knights
  3 skysharks
  A bog body (Swamp:1)
  A necromancer (Lair:4)
  2 lindwurms
  Pikel (D:5)
  15 deep elf pyromancers
  10 deep elf archers
  3 orc knights
  25 deep elf zephyrmancers
  4 ugly things
  Maurice (Orc:1)
  9 orc sorcerers
  6 cyclopes
  A will-o-the-wisp (Swamp:1)
  2 manticores
  35 elephants
  An ice statue (IceCv)
  4 black mambas
  2 kobold blastminers (Orc:1)
  A torpor snail (Lair:1)
  2 molten gargoyles (Volcano)
  2 gargoyles (Volcano)
  2 rime drakes (Lair:4)
  2 yaktaurs (D:13)
  9 cane toads
  2 efreet
  4 komodo dragons
  3 trolls (D:12)
  2 tengu conjurers
  Grinder (D:3)
  A tyrant leech (Swamp:1)
  A queen bee (Lair:2)
  10 polar bears
  16 blink frogs
  13 dream sheep (Lair:5)
  2 shadows
  An air elemental (Elf:2)
  4 water elementals
  Sigmund (D:6)
  A slime creature (D:7)
  3 wraiths
  65 yaks
  6 wyverns
  8 fire elementals
  5 fire bats (Volcano)
  2 humans (D:13)
  A spriggan (Lair:2)
  A hog (shapeshifter) (D:13)
  3 wargs
  A vampire mosquito (D:7)
  3 basilisks
  4 steam dragons
  2 swamp worms (Swamp:1)
  A naga (Lair:2)
  6 hell hounds (Elf:1)
  17 water moccasins
  32 orc warriors
  An elephant zombie (Lair:4)
  An ice beast (D:7)
  3 sky beasts
  4 black bears
  34 wolves
  14 centaurs
  4 ogres
  A phantom (D:5)
  11 bullfrogs
  2 two-headed ogre simulacra (D:12)
  3 scorpions
  A cane toad simulacrum (D:12)
  2 earth elementals (Elf:2)
  9 wights
  3 elephant simulacra (D:12)
  39 killer bees
  7 electric eels
  5 howler monkeys
  5 lava snakes (Volcano)
  5 hounds
  3 bombardier beetles
  21 orc priests
  A gnoll bouda (D:7)
  6 jellies
  2 basilisk zombies (Lair:4)
  3 iguanas (Lair:3)
  A sleepcap (D:6)
  55 orc wizards
  2 spriggan simulacra (D:12)
  7 adders
  9 gnolls
  2 river rats (Lair:2)
  5 white imps
  2 ufetubi (D:7)
  2 ribbon worms (D:3)
  91 orcs
  3 ball pythons
  8 endoplasms
  4 giant cockroaches
  16 goblins
  12 hobgoblins
  3 quokkas
  5 bats
  3 frilled lizards
  6 kobolds
  2 rats (D:1)
  2 spectral weapons (Elf:1)
886 creatures vanquished.

Vanquished Creatures (others)
  An alligator (Swamp:1)
  2 bloated husks (Swamp:1)
  A water elemental (D:12)
  A wight (D:8)
  8 foxfires (Swamp:1)
13 creatures vanquished.

Grand Total: 899 creatures vanquished

Notes
Turn   | Place    | Note
-------+----------+-------------------------------------------
     0 | D:1      | AlexRAT the Minotaur Berserker began the quest for the Orb.
     0 | D:1      | Reached XP level 1. HP: 19/19 MP: 0/0
   244 | D:1      | Found Noafoown's Jewellery Shoppe.
   303 | D:1      | Reached XP level 2. HP: 24/27 MP: 1/1
   704 | D:2      | Found a basalt altar of Yredelemnul.
  1057 | D:3      | Reached skill level 4 in Axes
  1057 | D:3      | Reached XP level 3. HP: 33/33 MP: 2/2
  1063 | D:3      | Reached ** piety under Trog
  1088 | D:3      | Found a faded altar of an unknown god.
  1122 | D:3      | Reached XP level 4. HP: 37/41 MP: 3/3
  1152 | D:3      | Found Jeofoudi's Antique Weapon Emporium.
  1266 | D:3      | Noticed Grinder
  1274 | D:3      | Paralysed by Grinder for 3 turns
  1349 | D:3      | Killed Grinder
  1350 | D:3      | Reached skill level 5 in Fighting
  1350 | D:3      | Reached skill level 5 in Axes
  1350 | D:3      | Reached XP level 5. HP: 25/48 MP: 4/4
  1350 | D:3      | Reached XP level 6. HP: 29/56 MP: 5/5
  1441 | D:3      | Found a burning altar of Makhleb.
  2102 | D:4      | Found Fiut's Magic Scroll Shop.
  2131 | D:4      | Found Ameawut's Tiny Tomes.
  2201 | D:4      | Reached skill level 5 in Armour
  2202 | D:4      | Reached XP level 7. HP: 36/62 MP: 6/6
  2343 | D:4      | Found Toasir's Self-Published Books.
  2416 | D:4      | Found a staircase to the Ecumenical Temple.
  2551 | D:5      | Entered Level 5 of the Dungeon
  2786 | D:5      | Reached skill level 6 in Axes
  2852 | D:5      | Noticed Pikel
  2856 | D:5      | Reached *** piety under Trog
  2863 | D:5      | Killed Pikel
  2864 | D:5      | Reached skill level 5 in Dodging
  2864 | D:5      | Reached XP level 8. HP: 71/71 MP: 7/7
  3055 | D:5      | Reached skill level 7 in Axes
  3581 | D:5      | Found an ornate altar of the Wu Jian Council.
  3764 | D:6      | Noticed Sigmund
  3769 | D:6      | Killed Sigmund
  3792 | D:6      | Reached XP level 9. HP: 81/81 MP: 8/8
  4161 | D:7      | Reached skill level 8 in Axes
  4360 | D:7      | Found a shimmering blue altar of Sif Muna.
  4360 | D:7      | Found a sparkling altar of Nemelex Xobeh.
  4720 | D:7      | Found Gaigadubb's Antique Armour Shop.
  4731 | D:7      | Bought a runed cloak for 180 gold pieces
  4741 | D:7      | Bought a glowing scale mail for 168 gold pieces
  4838 | D:7      | Noticed a green ugly thing
  4858 | D:7      | Killed a green ugly thing
  4859 | D:7      | Reached skill level 9 in Axes
  4973 | D:7      | Reached **** piety under Trog
  5210 | D:8      | Found a radiant altar of Vehumet.
  5213 | D:8      | Reached XP level 10. HP: 89/91 MP: 9/9
  5534 | D:8      | Noticed a death yak
  5815 | D:8      | Found a staircase to the Lair.
  5817 | D:8      | Noticed a death yak
  5847 | D:8      | Killed a death yak
  5848 | D:8      | Reached skill level 10 in Fighting
  5889 | D:8      | Noticed a death yak
  5892 | D:8      | Noticed a death yak
  5892 | D:8      | Noticed a death yak
  5908 | D:8      | Killed a death yak
  5909 | D:8      | Reached skill level 10 in Axes
  5917 | D:8      | Killed a death yak
  5918 | D:8      | Reached skill level 10 in Armour
  5919 | D:8      | Killed a death yak
  5966 | D:8      | Killed a death yak
  6153 | D:8      | Reached XP level 11. HP: 99/101 MP: 10/10
  6167 | D:9      | Reached skill level 11 in Axes
  6554 | D:9      | Reached skill level 10 in Dodging
  6751 | D:10     | Entered Level 10 of the Dungeon
  7109 | D:10     | Noticed Urug
  7124 | D:10     | Killed Urug
  7386 | D:10     | Found a staircase to the Orcish Mines.
  7668 | Lair:1   | Entered Level 1 of the Lair of Beasts
  8013 | Lair:1   | Noticed a death yak
  8013 | Lair:1   | Noticed a death yak
  8023 | Lair:1   | Killed a death yak
  8024 | Lair:1   | Killed a death yak
  8072 | Lair:1   | Noticed a seven-headed hydra
  8094 | Lair:1   | Killed a 14-headed hydra
  8095 | Lair:1   | Reached skill level 12 in Axes
  8198 | Lair:1   | Found a snail-covered altar of Cheibriados.
  8200 | Lair:1   | Identified the staff of Inconvenience {+Blink rF+ Fire}
  8433 | Lair:1   | Identified the +5 leather armour of the Leaping Gods {-Tele
                  | Harm rElec SInv}
  8940 | Lair:2   | Reached XP level 12. HP: 111/112 MP: 11/11
  9227 | Lair:2   | Found a staircase to the Snake Pit.
  9643 | Lair:2   | Noticed Nergalle
  9655 | Lair:2   | Killed Nergalle
  9656 | Lair:2   | Reached skill level 13 in Axes
  9985 | Lair:3   | Reached ***** piety under Trog
 10152 | Lair:3   | Noticed a four-headed hydra
 10165 | Lair:3   | Killed a 12-headed hydra
 10307 | Lair:3   | Noticed a six-headed hydra
 10313 | Lair:3   | Killed an eight-headed hydra
 10330 | Lair:3   | Noticed a six-headed hydra
 10330 | Lair:3   | Noticed a six-headed hydra
 10335 | Lair:3   | You fall into a shaft and drop 1 floor!
 10345 | Lair:4   | Noticed a death yak
 10359 | Lair:4   | Killed a death yak
 10428 | Lair:4   | Noticed a death yak
 10435 | Lair:4   | Noticed a death yak
 10436 | Lair:4   | Noticed a death yak
 10454 | Lair:4   | Killed a death yak
 10455 | Lair:4   | Reached XP level 13. HP: 123/123 MP: 12/12
 10705 | Lair:2   | Reached skill level 14 in Axes
 10989 | Lair:3   | Found a staircase to the Swamp.
 11252 | Lair:3   | Found a shimmering altar of Xom.
 12127 | Orc:1    | Entered Level 1 of the Orcish Mines
 12127 | Orc:1    | Found Bothuts's Weapon Shoppe.
 12182 | Orc:2    | Entered Level 2 of the Orcish Mines
 12224 | Orc:2    | Identified the +12 executioner's axe "Fyqoi" {antimagic,
                  | rPois Dex+2} (Trog gifted it to you on level 2 of the
                  | Orcish Mines)
 12224 | Orc:2    | Received a gift from Trog
 12238 | Orc:1    | Noticed Harold
 12238 | Orc:1    | Noticed Erica
 12238 | Orc:1    | Noticed Maurice
 12242 | Orc:1    | Killed Harold
 12245 | Orc:1    | Killed Maurice
 12249 | Orc:1    | Killed Erica
 12250 | Orc:1    | Reached skill level 15 in Axes
 12316 | Orc:1    | Found a dark tunnel.
 12321 | Volcano  | Entered a volcano
 12342 | Volcano  | Reached skill level 15 in Fighting
 12492 | Volcano  | Found a radiant altar of Vehumet.
 12557 | Volcano  | Noticed a stone giant
 12560 | Volcano  | Reached XP level 14. HP: 135/135 MP: 4/13
 12563 | Volcano  | Killed a stone giant
 12852 | Orc:2    | Found a staircase to the Elven Halls.
 13243 | Orc:2    | Reached skill level 15 in Armour
 13364 | Orc:2    | Received a gift from Trog
 13402 | Orc:2    | Noticed Jorgrun
 13410 | Orc:2    | Killed Jorgrun
 13689 | Orc:2    | Found Esiril's Antique Armour Emporium.
 13689 | Orc:2    | Found Magejeit's Magic Scroll Emporium.
 13690 | Orc:2    | Found Punwas's Magic Scroll Shoppe.
 13708 | Orc:2    | Reached skill level 16 in Axes
 13731 | Orc:2    | Found Umidotu's Weapon Shoppe.
 13778 | Orc:2    | Bought a scroll of identify for 34 gold pieces
 13778 | Orc:2    | Bought a scroll of identify for 34 gold pieces
 13958 | D:4      | Bought a scroll of identify for 28 gold pieces
 13958 | D:4      | Bought a scroll of identify for 28 gold pieces
 15495 | D:12     | Found a frozen archway.
 15535 | IceCv    | Entered an ice cave
 15786 | IceCv    | Identified the +8 executioner's axe "Unip" {flame, rF+}
                  | (Trog gifted it to you in an ice cave)
 15786 | IceCv    | Received a gift from Trog
 15795 | IceCv    | Gained mutation: You have hidden genetic defects. [potion
                  | of mutation]
 15796 | IceCv    | Lost mutation: You have hidden genetic defects. [potion of
                  | mutation]
 15796 | IceCv    | Gained mutation: Your body sometimes deteriorates upon
                  | taking damage. [potion of mutation]
 15811 | IceCv    | Reached skill level 17 in Axes
 16161 | IceCv    | Noticed a frost giant
 16176 | IceCv    | Killed a frost giant
 16207 | IceCv    | Identified the amulet "Ehuum" {RegenMP ^Fragile Will+
                  | Regen+}
 17413 | Lair:2   | Reached XP level 15. HP: 145/145 MP: 4/14
 18173 | Lair:5   | Entered Level 5 of the Lair of Beasts
 18257 | Lair:5   | Reached skill level 18 in Axes
 18590 | Lair:5   | Found a staircase to the Slime Pits.
 18591 | Lair:5   | Found a viscous altar of Jiyva.
 18697 | Lair:5   | Received a gift from Trog
 18772 | Lair:5   | Lost mutation: Your body sometimes deteriorates upon taking
                  | damage. [potion of mutation]
 18772 | Lair:5   | Gained mutation: You are frail. (-10% HP) [potion of
                  | mutation]
 18772 | Lair:5   | Gained mutation: You are partially covered in iridescent
                  | scales. (AC +2) [potion of mutation]
 18961 | Lair:5   | Reached skill level 19 in Axes
 19282 | Lair:5   | Identified the +4 spear of the Intense God {heavy, rElec
                  | rN++ Will+++ Dex-3}
 19307 | Lair:5   | Identified the +11 arbalest of Eturum {penet, Fly Dex+3
                  | Stlth+}
 19834 | Swamp:1  | Entered Level 1 of the Swamp
 20077 | Swamp:1  | Reached skill level 1 in Ranged Weapons
 21260 | D:13     | Found a gate to the Vaults.
 21328 | D:13     | Found a snail-covered altar of Cheibriados.
 22094 | D:14     | Reached XP level 16. HP: 101/140 MP: 5/15
 22193 | D:14     | Found Ysitomp's Antique Weapon Shoppe.
 22273 | D:14     | Received a gift from Trog
 22274 | D:14     | Reached skill level 5 in Ranged Weapons
 22868 | D:14     | Found a bloodstained altar of Trog.
 23330 | Elf:1    | Entered Level 1 of the Elven Halls
 23474 | Elf:1    | Noticed Azrael
 23485 | Elf:1    | Killed Azrael
 23527 | Elf:1    | Found Baih's Antique Weapon Shoppe.
 23555 | Elf:1    | Reached ****** piety under Trog
 24085 | Elf:1    | Received a gift from Trog
 24301 | Elf:1    | Reached skill level 20 in Axes
 24578 | Elf:1    | Noticed Asterion
 24589 | Elf:1    | Killed Asterion
 24799 | Elf:2    | Found Cuwyloal's Antique Weapon Shoppe.
 25299 | Elf:2    | Received a gift from Trog
 25308 | Elf:2    | Reached skill level 10 in Ranged Weapons
 25308 | Elf:2    | Reached XP level 17. HP: 105/149 MP: 5/16
 26010 | Elf:2    | Found a runed translucent gate.
 26011 | Elf:2    | Found a runed translucent gate.
 26011 | Elf:2    | Found a runed translucent gate.
 26075 | Elf:2    | Reached XP level 18. HP: 125/155 MP: 5/17
 26102 | Elf:2    | HP: 6/155 [deep elf zephyrmancer/bolt of lightning (14)]
 26102 | Elf:2    | Slain by a +4 antimagic double sword

Illustrated notes

Levels and vault maps discovered:
D:1:      elethiomel_arrival_shortcut, layout_basic, serial_shops,
          nicolae_shop_hallway_plus
D:2:      layout_rooms, basic_altar
D:3:      minmay_razor_zed, layout_rooms, bloody_makhleb,
          hellmonk_ecumenical_altar_arch_garden, serial_shops,
          nicolae_shop_rolling_square, minivault_26, uniq_grinder
D:4:      layout_rooms, minmay_temple_entry_mist, nicolae_stop_n_shop_2,
          small_statue_intersection, nicolae_custom_books,
          nicolae_shop_i_like_small_books_too
D:5:      layout_loops_corners, nzn_wu_jian_council_hall, uniq_pikel
D:6:      layout_rooms, serial_rivers, chequers_serial_rivers_micro_b,
          chequers_serial_rivers_small_b, chequers_serial_rivers_marsh,
          chequers_serial_rivers_micro_c, chequers_serial_rivers_room_b,
          hangedman_abyss_or_decor_lesser_grid, uniq_sigmund
D:7:      nzn_winding_woodlands_medium [nzn_winding_woodlands_5x5_cross,
          nzn_winding_woodlands_5x15_jagged,
          nzn_winding_woodlands_5x5_checkerboard,
          nzn_winding_woodlands_5x5_perimeter,
          nzn_winding_woodlands_center_triple_pond,
          nzn_winding_woodlands_5x5_default, nzn_winding_woodlands_5x5_default,
          nzn_winding_woodlands_5x15_sidewinder,
          nzn_winding_woodlands_5x5_default], layout_rooms,
          jmf_multi_god_temple, serial_shops, nicolae_stop_n_shop_2
D:8:      layout_cave_pools, fiery_altar_vehumet, dpeg_lair_monsters,
          chequers_arboretum
D:9:      layout_roguey
D:10:     layout_irregular_city, orc_0_dummy, nrook_mini_vaults,
          eino_small_chamber_without_monster, uniq_urug
D:11:     layout_loops_corners
D:12:     layout_basic, portal_ice_cave_entry_ice_simulacra
D:13:     layout_loops_ring, grunt_vaults_entry_fortified, cheibriados_altar_1
D:14:     layout_irregular_city, serial_shops, nicolae_shop_hallway_stairs,
          chequers_big_river, nicolae_kite_square_tiling_tiny, glass_columns_b,
          minmay_statues_item, trog_hazing_becter
Lair:1:   layout_long_grid, hangedman_lair_unloving_vines, lemuel_centaur_altar
Lair:2:   regret_index_tunnel_blossom, layout_chaotic_city,
          guppyfry_snake_entry_garden, forest_entry_grove, uniq_nergalle
Lair:3:   layout_chaotic_city, minmay_swamp_entry_reptiles, basic_altar,
          hangedman_lair_generics_rect
Lair:4:   pond_and_an_island_with_a_cottage, layout_concentric_octagons,
          grunt_megastairs_2
Lair:5:   grunt_lair_end_beastmaster, layout_long_grid,
          nicolae_slime_entry_slimehenge
Swamp:1:  regret_index_all_hallows'_manor, layout_basic_swamp,
          evilmike_swamp_ruin_house_6, uniq_nikola, uniq_frances
Orc:1:    layout_caves, serial_shops, nicolae_shop_mannequins,
          nicolae_volcano_entry_s_turn, uniq_harold, uniq_erica, uniq_maurice
Orc:2:    st_orc_mages, layout_diamond_mine, uniq_jorgrun
Elf:1:    eino_elf_arrival_sip, layout_loops_corners, nicolae_elf_crossing_hall,
          nicolae_take_the_stairs, uniq_asterion, uniq_azrael
Elf:2:    nicolae_elf_blades_crystal_corner, layout_loops_corners, serial_shops,
          shop

Skill      XL: |  1  2  3  4  5  6  7  8  9 10 11 12 13 14 15 16 17 |
---------------+----------------------------------------------------+-----
Fighting       | 4 5 6 8 9 10 12 13 15 16 17 18 | 18.6
Axes           | 4 5 6 7 9 10 12 13 15 17 19 20 | 20.4
Armour         | 3 4 5 6 7 9 10 12 13 14 16 17 18 | 18.4
Dodging        | 3 4 5 6 8 9 11 12 13 | 13.4
Ranged Weapons | 4 10 11 | 11.2

Action                     |  1- 3 |  4- 6 |  7- 9 | 10-12 | 13-15 | 16-18 || total
---------------------------+-------+-------+-------+-------+-------+-------++-------
  Melee: Hand axe          |    47 |   107 |    48 |       |       |       ||   202
         Headbutt          |     4 |    10 |    35 |   114 |   200 |    64 ||   427
         Punch             |       |     1 |     3 |     6 |     7 |       ||    17
         War axe           |       |       |   134 |   499 |   224 |       ||   857
         Whip              |       |       |    18 |       |       |       ||    18
         Executioner's axe |       |       |       |       |   613 |   249 ||   862
   Fire: Arbalest          |       |       |       |       |    48 |    40 ||    88
 Invoke: Berserk           |     1 |     3 |     2 |    15 |    17 |     4 ||    42
         Trog's Hand       |       |       |     1 |     9 |     9 |     4 ||    23
    Use: Potion            |       |     1 |     1 |     1 |     7 |     1 ||    11
         Scroll            |       |       |       |    11 |    13 |     6 ||    30
   Stab: Sleeping          |       |       |       |     3 |     4 |       ||     7
         Distracted        |       |       |       |     2 |     2 |     1 ||     5
 Armour: Animal skin       |    11 |       |       |       |       |       ||    11
         Chain mail        |    16 |    88 |   116 |       |       |       ||   220
         Scale mail        |       |       |    30 |   431 |   602 |   247 ||  1310
         Plate armour      |       |       |       |       |   231 |       ||   231
  Dodge: Dodged            |    24 |    47 |   107 |   374 |   585 |   142 ||  1279
  Block: Other             |       |       |    19 |   121 |   150 |    48 ||   338
         Reflection        |       |       |     1 |    11 |    11 |     6 ||    29
